 Dungeon Crawl Stone Soup version 0.23.2-1-ga50397a (webtiles) character file.

Game seed: 15687333310131961481

151 xveg the Sneak (level 5, -4/49 HPs)
             Began as a Troll Assassin on May 9, 2019.
             Was an Initiate of Dithmenos.
             Slain by an orc
             ... wielding a +0 short sword
              (6 damage)
             ... on level 3 of the Dungeon.
             The game lasted 00:02:48 (1574 turns).

xveg the Sneak (Troll Assassin)                     Turns: 1574, Time: 00:02:48

Health: -4/49      AC:  7    Str: 19    XL:     5   Next: 10%
Magic:  4/4        EV: 10    Int:  7    God:    Dithmenos [......]
Gold:   113        SH:  5    Dex: 12    Spells: 4/4 levels left

rFire    + . .     SeeInvis .     - Unarmed
rCold    . . .     Gourm    +   (no shield)
rNeg     . . .     Faith    .   c - +0 robe
rPois    .         Spirit   .   (helmet restricted)
rElec    .         Reflect  +   d - +0 cloak
rCorr    .         Harm     .   (gloves unavailable)
MR       .....     Rnd*Tele +   (boots unavailable)
Stlth    ++........             k - +5 amulet of reflection
HPRegen  0.56/turn              p - ring of protection from fire
MPRegen  0.09/turn              q - ring of teleportation (curse)

@: slowed, very slow
A: large, unfitting armour, claws 3, fast metabolism 3, gourmand, regeneration
1, shaggy fur 1, tough skin 3
a: Renounce Religion


You were on level 3 of the Dungeon.
You worshipped Dithmenos.
Dithmenos was noncommittal.
You were not hungry.

You visited 1 branch of the dungeon, and saw 3 of its levels.

You collected 113 gold pieces.

Inventory:

Hand Weapons
 a - a +2 dagger
 b - a +0 blowgun
Missiles
 e - 24 poisoned needles
 f - 2 curare-tipped needles
 n - 2 throwing nets (quivered)
Armour
 c - a +0 robe (worn)
 d - a +0 cloak (worn)
Jewellery
 k - a +5 amulet of reflection (around neck)
 p - a ring of protection from fire (left claw)
 q - a cursed ring of teleportation (right claw)
Wands
 r - a wand of flame (11)
Scrolls
 h - 2 scrolls of remove curse {unknown}
 i - a scroll of blinking {unknown}
 j - 6 scrolls of identify {unknown}
 m - 2 scrolls of teleportation {unknown}
 s - a scroll of fog {unknown}
Potions
 l - a potion of flight {unknown}
 o - 3 potions of heal wounds {unknown}
Comestibles
 g - 6 rations


   Skills:
 + Level 1.8 Fighting
 + Level 1.8 Short Blades
 + Level 1.8 Throwing
 + Level 2.0 Dodging
 + Level 3.0 Stealth
 + Level 2.0 Unarmed Combat


You had 4 spell levels left.
You didn't know any spells.
Your spell library was empty.

Dungeon Overview and Level Annotations

Branches:
Dungeon (3/15)

Altars:
Dithmenos


Innate Abilities, Weirdness & Mutations

You are too large for most types of armour.
You have claws for hands.
Your metabolism is lightning-fast.
You like to eat raw meat.
Your natural rate of healing is unusually fast.
You are covered in fur. (AC +1)
You have extremely tough skin. (AC +3)


Message History

The orc hits you but does no damage. x2; You block the orc's attack.
You claw the orc!
You kill the orc!
Dithmenos accepts your kill.
Your Dodging skill increases to level 2!
The orc priest hits you with a +0 mace.
* * * LOW HITPOINT WARNING * * *
You block the orc's attack. The orc hits you with a +0 short sword.
* * * LOW HITPOINT WARNING * * *
The orc priest hits you but does no damage.
The orc hits you but does no damage. You block the orc's attack.
You scratch the orc priest.
The orc priest is severely wounded.
The orc hits you but does no damage. The orc closely misses you.
The orc priest mumbles some strange prayers to Beogh against you.
Beogh smites you!
* * * LOW HITPOINT WARNING * * *
The orc priest looks braver for a moment.
You block the orc's attack. The orc hits you with a +0 short sword.
You die...

.. ≈≈≈≈≈≈≈...######. ###
##..≈###≈≈≈≈###≈..# #. ..#
# ... ...#≈≈# ..#.## #.
.## #.#..#.⌠.#..#.⌠.#. ###
.# #.#..#. .#..#.. #. ##.#
## ###.....###....###..
####... .##
.........Jo........
+...... #.#
#.#...###oo)...... ####...
_## #........@#.......
##.# ## #.#...###.##.....#
### .## #.......#.# #...##
#.. #.# #.##.##.#.# #+##
#.. .## #...†.....# .#
#######.. .# #.##.##.###
.# #......<. .#
#.##......####.###.####...
.# #.###...........##.#
#.## .# #.#
#.#.#.##.....#.####÷##


You could see an orc priest, an ooze and 2 orcs.

Vanquished Creatures
  2 orc wizards (D:3)
  2 adders (D:3)
  An ooze (D:1)
  2 worms (D:2)
  2 dart slugs
  A leopard gecko (D:1)
  5 orcs (D:3)
  3 giant cockroaches
  8 goblins
  7 hobgoblins
  6 jackals
  2 quokkas
  2 ball pythons
  6 bats
  6 frilled lizards
  A kobold (D:3)
  2 rats
58 creatures vanquished.

Notes
Turn   | Place    | Note
-------+----------+-------------------------------------------
     0 | D:1      | xveg the Troll Assassin began the quest for the Orb.
     0 | D:1      | Reached XP level 1. HP: 19/19 MP: 0/0
   145 | D:1      | Reached XP level 2. HP: 21/27 MP: 1/1
   473 | D:2      | Reached XP level 3. HP: 35/35 MP: 2/2
   588 | D:2      | Reached skill level 1 in Dodging
   962 | D:3      | Reached skill level 1 in Unarmed Combat
   962 | D:3      | Reached XP level 4. HP: 29/42 MP: 3/3
   980 | D:3      | Found a shadowy altar of Dithmenos.
   996 | D:3      | Became a worshipper of Dithmenos the Shadowed
  1195 | D:3      | Found a faded altar of an unknown god.
  1566 | D:3      | Reached skill level 3 in Stealth
  1566 | D:3      | Reached XP level 5. HP: 42/49 MP: 4/4
  1573 | D:3      | HP: 1/49 [orc priest/divine providence (11)]
  1574 | D:3      | Slain by an orc

Skill      XL: |  1  2  3  4  5 |
---------------+----------------+-----
Dodging        | 1 2 |  2.0
Unarmed Combat | 1 2 |  2.0
Stealth        | 3 |  3.0
Fighting       | |  1.8
Short Blades   | |  1.8
Throwing       | |  1.8

Action                   |  1- 3 |  4- 6 || total
-------------------------+-------+-------++-------
Melee: Dagger            |    56 |       ||    56
       Unarmed           |    78 |    48 ||   126
 Stab: Sleeping          |     5 |     2 ||     7
  Eat: Chunk             |     5 |     6 ||    11
       Ration            |       |     1 ||     1
Armor: Robe              |    99 |    30 ||   129
Dodge: Dodged            |   103 |    31 ||   134
Block: Other             |     3 |    17 ||    20
       Reflection        |     1 |       ||     1
